 Dungeon Crawl Stone Soup version 0.23.2-1-ga50397a6bc (webtiles) character file.

Game seed: 13840504719205790945

483 Foic the Covert (level 6, -2/30 HPs)
             Began as a Spriggan Assassin on May 14, 2019.
             Slain by a water moccasin skeleton (4 damage)
             ... on level 5 of the Dungeon.
             The game lasted 00:18:24 (5051 turns).

Foic the Covert (Spriggan Assassin)                 Turns: 5051, Time: 00:18:24

Health: -2/30      AC:  3    Str:  7    XL:     6   Next: 87%
Magic:  7/7        EV: 21    Int: 13    God:
Gold:   188        SH:  0    Dex: 19    Spells: 5/5 levels left

rFire    . . .     SeeInvis +   a - +2 dagger
rCold    . . .     Gourm    .   (shield restricted)
rNeg     + . .     Faith    .   c - +0 robe
rPois    .         Spirit   .   (helmet restricted)
rElec    .         Reflect  .   d - +0 cloak
rCorr    .         Harm     .   (gloves unavailable)
MR       +....                  (boots unavailable)
Stlth    ++++++....             (no amulet)
HPRegen  0.10/turn              q - ring of positive energy
MPRegen  0.10/turn              k - ring of stealth

@: very quick
A: very small, unfitting armour, see invisible, herbivore, speed 3, slow
metabolism 2
a: no special abilities


You were on level 5 of the Dungeon.
You were not hungry.

You visited 1 branch of the dungeon, and saw 5 of its levels.
You also visited: Sewer.

You collected 188 gold pieces.

Inventory:

Hand Weapons
 a - a +2 dagger (weapon)
 b - a +0 hunting sling
 m - a +0 short sword
 s - a +1 dagger of venom
 B - a +0 blowgun
Missiles
 e - 7 poisoned needles
 f - 2 curare-tipped needles
 n - 142 stones (quivered)
 o - 32 sling bullets
Armour
 c - a +0 robe (worn)
 d - a +0 cloak (worn)
Jewellery
 k - a ring of stealth (right hand)
 q - a ring of positive energy (left hand)
 w - a cursed ring of teleportation
Scrolls
 h - 7 scrolls of identify
 i - 2 scrolls of remove curse {unknown}
 j - 2 scrolls of teleportation {unknown}
 l - 3 scrolls of enchant armour {unknown}
 p - 2 scrolls of blinking {unknown}
 r - a scroll of enchant weapon {unknown}
 u - 2 scrolls of fear {unknown}
 y - a scroll of fog {unknown}
Potions
 t - a potion of curing
 v - 2 potions of haste {unknown}
 x - 4 potions of flight {unknown}
 z - 4 potions of heal wounds
 A - a potion of might
Comestibles
 g - 7 rations


   Skills:
 + Level 2.2 Fighting
 + Level 3.6 Short Blades
 + Level 0.3(1.5) Slings
 - Level 2.0 Throwing
 * Level 5.3 Dodging
 * Level 9.9 Stealth


You had 5 spell levels left.
You didn't know any spells.
Your spell library contained the following spells:

 Spells                   Type           Power        Failure   Level  Hunger
 Shock                    Conj/Air       #...         30%         1    ##.....
 Swiftness                Chrm/Air       #.......     43%         2    ###....
 Static Discharge         Conj/Air       #.......     67%         3    ####...
 Airstrike                Air            #.........   97%         4    #####..
 Lightning Bolt           Conj/Air       #.........   100%        5    ######.


Dungeon Overview and Level Annotations

Branches:
Dungeon (5/15)
 Temple: D:4-7

Altars:
Elyvilon

Shops:
D:5 (


Innate Abilities, Weirdness & Mutations

You are very small and have problems with some larger weapons.
You are too small for most types of armour.
You have supernaturally acute eyesight. (SInv)
You are a herbivore.
You cover ground extremely quickly.
You need to consume almost no food.


Message History

The water moccasin skeleton is severely damaged.
The water moccasin skeleton bites you!
You hit the water moccasin skeleton.
The water moccasin skeleton is severely damaged.
The water moccasin skeleton completely misses you.
You barely miss the water moccasin skeleton.
The water moccasin skeleton is severely damaged.
The water moccasin skeleton completely misses you.
You hit the water moccasin skeleton.
The water moccasin skeleton is severely damaged.
The water moccasin skeleton misses you.
You hit the water moccasin skeleton.
The water moccasin skeleton is almost destroyed.
The water moccasin skeleton misses you.
You hit the water moccasin skeleton.
The water moccasin skeleton is almost destroyed.
The water moccasin skeleton bites you!
* * * LOW HITPOINT WARNING * * *
The water moccasin skeleton bites you.
You die...

#.......#.# #.##
#.#.......# #...
#.####.##.# #.##
#.#....##.#######.##
#.#....##.........##
#..#################
#####...........#####
#....................
#...@.............)..
#..Z..#########†.....
##..### ####... #...
###. #... #. ###.. #.
## ## # #


You could see a water moccasin skeleton.

Vanquished Creatures
  A big kobold (Sewer)
  A howler monkey (D:3)
  A centaur skeleton (D:5)
  Natasha (D:4)
  An iguana (D:4)
  2 orc wizards (D:4)
  2 worker ants
  A gnoll (D:1)
  A river rat (Sewer)
  6 adders
  A shadow imp (D:5)
  3 worms
  5 dart slugs
  3 leopard geckos
  16 orcs
  A giant cockroach (D:4)
  8 goblins
  5 hobgoblins
  4 jackals
  4 quokkas
  2 ball pythons
  4 bats
  2 frilled lizards (D:2)
  11 kobolds
  12 rats
98 creatures vanquished.

Notes
Turn   | Place    | Note
-------+----------+-------------------------------------------
     0 | D:1      | Foic the Spriggan Assassin began the quest for the Orb.
     0 | D:1      | Reached XP level 1. HP: 10/10 MP: 2/2
    27 | D:1      | Reached skill level 6 in Stealth
   138 | D:1      | Reached XP level 2. HP: 14/14 MP: 3/3
   253 | D:1      | Reached skill level 7 in Stealth
   633 | D:1      | Reached XP level 3. HP: 18/18 MP: 4/4
  1785 | D:2      | Reached XP level 4. HP: 23/23 MP: 5/5
  2128 | D:3      | Reached skill level 8 in Stealth
  2729 | D:2      | Reached XP level 5. HP: 24/26 MP: 6/6
  3063 | D:3      | Found a white marble altar of Elyvilon.
  3126 | D:3      | Found a glowing drain.
  3135 | Sewer    | Entered a sewer
  3426 | Sewer    | Reached skill level 9 in Stealth
  3514 | Sewer    | Found a glowing silver altar of Zin.
  3609 | D:3      | Reached XP level 6. HP: 28/30 MP: 7/7
  4258 | D:4      | Noticed Natasha
  4319 | D:4      | Killed Natasha
  4363 | D:4      | Reached skill level 5 in Dodging
  4849 | D:5      | Entered Level 5 of the Dungeon
  4913 | D:5      | Found Woep's Weapon Shop.
  5051 | D:5      | Slain by a water moccasin skeleton

Skill      XL: |  1  2  3  4  5  6 |
---------------+-------------------+-----
Stealth        | 6 7 8 9 |  9.9
Dodging        | 2 3 4 5 |  5.3
Fighting       | 2 |  2.2
Short Blades   | 3 |  3.6
Slings         | |  0.3
Throwing       | |  2.0

Action                   |  1- 3 |  4- 6 || total
-------------------------+-------+-------++-------
Melee: Dagger            |   106 |   272 ||   378
 Fire: Blowgun           |    10 |    17 ||    27
       Hunting sling     |       |     5 ||     5
Throw: Stone             |     7 |     3 ||    10
  Use: Scroll            |     1 |     2 ||     3
       Potion            |       |     5 ||     5
 Stab: Sleeping          |    14 |     8 ||    22
       Distracted        |       |     5 ||     5
  Eat: Ration            |       |     1 ||     1
Armor: Robe              |     3 |    22 ||    25
       Skin              |       |     5 ||     5
Dodge: Dodged            |    71 |   189 ||   260
